 Dungeon Crawl Stone Soup version 0.17-a0-1635-gd4e48f1 (webtiles) character file.

31 zeke the Sneak (level 3, -2/28 HPs)
             Began as a Naga Enchanter on Aug 4, 2015.
             Slain by an ooze (3 damage)
             ... on level 1 of the Dungeon.
             The game lasted 00:09:55 (1340 turns).

zeke the Sneak (Naga Enchanter)                     Turns: 1340, Time: 00:09:55

Health: -2/28      AC:  3    Str: 10    XL:     3   Next: 22%
Magic:  2/6        EV: 10    Int: 16    God:
Gold:   50         SH:  0    Dex: 11    Spells: 2 memorised, 3 levels left

rFire  . . .     SeeInvis +     a - +1 dagger
rCold  . . .     Clarity  .     b - +1 robe
rNeg   . . .     SustAt   .     (no shield)
rPois  +         Gourm    .     (no helmet)
rElec  .         Spirit   .     (no cloak)
rCorr  .         Warding  .     (no gloves)
rMut   .         Stasis   .     (no barding)
MR     .....                    (no amulet)
Stlth  +++.......               (no ring)
                                (no ring)

@: very slow, not resistant to hostile enchantments, fairly stealthy
A: see invisible, deformed body, poison resistance, slowness 2, slow metabolism
1, spit poison 2, AC +1
a: Spit Poison


You were on level 1 of the Dungeon.
You were very hungry.

You visited 1 branch of the dungeon, and saw 1 of its levels.

You collected 50 gold pieces.

Inventory:

Hand weapons
 a - a +1 dagger (weapon)
Armour
 b - a +1 robe (worn)
Scrolls
 g - 4 scrolls of identify {unknown}
 i - a scroll of blinking {unknown}
 k - a scroll of magic mapping {unknown}
 m - a scroll of recharging {unknown}
Potions
 e - a potion of degeneration {unknown}
 h - a potion of curing {unknown}
 j - a potion of flight {unknown}
 l - a potion of invisibility {unknown}
 n - a potion of brilliance {unknown}
Books
 c - a book of Maledictions

   Spells                             Type                      Level
   a - Corona                         Hexes                        1
   b - Ensorcelled Hibernation        Hexes/Ice                    2
   c - Confuse                        Hexes                        3
   d - Tukima's Dance                 Hexes                        3
   e - Dazzling Spray                 Conjuration/Hexes            3
Comestibles
 d - 2 bread rations
 f - a beef jerky


   Skills:
 + Level 1.0 Short Blades
 + Level 1.9 Dodging
 + Level 5.2 Stealth
 + Level 2.2 Spellcasting
 + Level 3.3 Hexes


You had 3 spell levels left.
You knew the following spells:

 Your Spells              Type           Power        Failure   Level  Hunger
a - Corona                Hex            ##.....      8%          1    #......
b - Ensorcelled Hibernat  Hex/Ice        #.....       17%         2    ###....


Dungeon Overview and Level Annotations

Branches:
Dungeon (1/15)

Altars:


Innate Abilities, Weirdness & Mutations

You cannot wear boots.
Your serpentine skin is tough (AC +1).
You have supernaturally acute eyesight.
Armour fits poorly on your strangely shaped body.
Your system is resistant to poisons.
You cover ground very slowly.
You have a slow metabolism.
You can spit poison.


Message History

Aim: an ooze (moderately wounded, chance to defeat MR: 49%)
The ooze is outlined in light.
The ooze barely misses you.
You hit the ooze.
The ooze is severely wounded.
The ooze hits you but does no damage.
You hit the ooze but do no damage.
The ooze is severely wounded.
The ooze hits you.
* * * LOW HITPOINT WARNING * * *
You hit the ooze but do no damage.
The ooze is severely wounded.
You hit the ooze.
The ooze is almost dead.
The ooze hits you.
* * * LOW HITPOINT WARNING * * *
You hit the ooze but do no damage.
The ooze is almost dead.
You have got your breath back.
The ooze hits you.
You die...

#........#......#
##..#######'#'#.# ##..# #.#.#.#
##..# #####.#.#.# ###.#
#...#.#.#.# # #.###...#.#.#[#
###..##...†.....#
#.....#...#.#.##################
#.##..#...#.#...@J.............#
......'........###'#######+###.#
#.##.##...#.#..#..⌠...>...⌠..#.#
#.##..#...#....#......<......#.##
......#####....'⌠....###....⌠'..#
.......# #....#.....h.......#.)#
#....#.# #....#######'#######..#
.....#.## #.)..#


.rsrJ.. #..# #...##..###....# r...s.....#..# You could see an ooze.

Vanquished Creatures
  An ooze (D:1)
  7 giant cockroaches (D:1)
  A goblin (D:1)
  2 hobgoblins (D:1)
  2 jackals (D:1)
  A ball python (D:1)
  6 bats (D:1)
  A giant gecko (D:1)
  2 kobolds (D:1)
  A rat (D:1)
24 creatures vanquished.

Notes
Turn   | Place    | Note
--------------------------------------------------------------
     0 | D:1      | zeke the Naga Enchanter began the quest for the Orb.
     0 | D:1      | Reached XP level 1. HP: 15/15 MP: 3/3
     5 | D:1      | Found a runed door.
   483 | D:1      | Reached XP level 2. HP: 22/22 MP: 5/5
   593 | D:1      | Learned a level 2 spell: Ensorcelled Hibernation
   905 | D:1      | Reached skill level 5 in Stealth
  1312 | D:1      | Reached XP level 3. HP: 11/28 MP: 4/6
  1339 | D:1      | HP: 1/28 [ooze (2)]
  1340 | D:1      | Slain by an ooze

Vault maps used:
D:1:      dpeg_arrival_caged_fury, hangedman_abyss_or_decor_lesser_grid

Action                   || total
-------------------------++-------
Melee: Dagger            ||    73
 Cast: Corona            ||    14
 Abil: Spit Poison       ||    25
  Eat: Chunk             ||     1
